 Dungeon Crawl Stone Soup version 0.19-a0-1513-gf6d23ed (webtiles) character file.

113 rlgrobin the Twirler (level 4, 0/44 HPs)
             Began as a Naga Gladiator on Sept 12, 2016.
             Killed from afar by a kobold (23 damage)
             ... with a wand of acid
             ... on level 3 of the Dungeon.
             The game lasted 00:04:26 (2529 turns).

rlgrobin the Twirler (Naga Gladiator)               Turns: 2529, Time: 00:04:27

Health: 0/44       AC:  3    Str: 17    XL:     4   Next: 96%
Magic:  4/4        EV: 10    Int:  8    God:
Gold:   177        SH:  0    Dex: 13    Spells: 0 memorised, 3 levels left

rFire  . . .     SeeInvis +     a - +0 quarterstaff
rCold  . . .     Gourm    .     b - +0 leather armour
rNeg   . . .     Faith    .     (shield currently unavailable)
rPois  +         Spirit   .     c - +0 helmet
rElec  .         Dismiss  +     (no cloak)
rCorr  .         Reflect  .     (no gloves)
MR     .....     Harm     .     (no barding)
Stlth  ++........               t - amulet of dismissal
                                (no ring)
                                (no ring)

@: very slow
A: see invisible, deformed body, mutation resistance 1, poison resistance,
robust 1, slowness 2, slow metabolism 1, spit poison 1, wild magic 1, AC +1
a: Spit Poison


You were on level 3 of the Dungeon.
You were not hungry.

You visited 1 branch of the dungeon, and saw 3 of its levels.

You collected 177 gold pieces.

Inventory:

Hand Weapons
 a - a +0 quarterstaff (weapon)
 k - a +2 spear of pain
Missiles
 d - 2 throwing nets (quivered)
 r - 12 poisoned needles
Armour
 b - a +0 leather armour (worn)
 c - a +0 helmet (worn)
 h - a +0 scale mail
Jewellery
 l - an uncursed amulet of guardian spirit
 t - an amulet of dismissal (around neck)
Scrolls
 g - a scroll of remove curse {unknown}
 i - a scroll of teleportation {unknown}
 j - a scroll of identify
 m - a scroll of recharging
 s - a scroll of amnesia {unknown}
Potions
 e - 2 potions of ambrosia
 o - a potion of might
 q - a potion of curing
 u - a potion of brilliance {unknown}
Comestibles
 f - 2 bread rations
 n - a meat ration
 p - 3 beef jerkies


   Skills:
 + Level 2.6 Fighting
 + Level 4.5 Staves
 - Level 1.7 Throwing
 - Level 2.4 Dodging
 - Level 3.4 Stealth


You had 3 spell levels left.
You didn't know any spells.

Dungeon Overview and Level Annotations

Branches:
Dungeon (3/15)

Altars:


Innate Abilities, Weirdness & Mutations

You cannot wear boots.
Your serpentine skin is tough. (AC +1)
You have supernaturally acute eyesight. (SInv)
Armour fits poorly on your strangely shaped body.
Your system is resistant to poisons. (rPois)
You cover ground very slowly.
You have a slow metabolism.
You can spit poison.
You are somewhat resistant to further mutation.
You are robust. (+10% HP)
Your spells are a little harder to cast, but a little more powerful.


Message History

You hit the orc.
The orc is severely wounded.
The bat closely misses you. The orc hits you but does no damage.
The kobold closely misses you.
You closely miss the orc.
The orc is severely wounded.
The bat hits you but does no damage. The orc barely misses you.
The kobold hits you but does no damage.
You completely miss the orc.
The orc is severely wounded.
The orc hits you. The kobold hits you but does no damage.
You hit the bat but do no damage. The bat barely misses you. The orc hits you.
The kobold zaps a wand.
The bolt of acid misses you.
The bolt of acid hits the bat.
The acid corrodes the bat!
The bat dies!
The kobold zaps a wand.
The bolt of acid hits the orc.
The orc dies!
The bolt of acid hits you!
Ouch! That really hurt!
You die...

#.#.....# #### #######
#.......# ... #..)..#
#.#.###.#
#####?##.....###.#.# .#
#..................# ..
#..##.#......#####.....#
#.#K.....# #.....#
..#.###### ###.###
#.##@# .# #. #)# #
#ogg...†.......
##.#.##..#.##.# # #..# #
.... #..## #..# ....


You could see a kobold.

Vanquished Creatures
  4 adders (D:2)
  An ooze (D:1)
  2 dart slugs
  A giant gecko (D:1)
  2 orcs (D:3)
  A giant cockroach (D:3)
  7 goblins
  7 hobgoblins
  5 jackals
  7 kobolds
  A quokka (D:3)
  A ball python (D:2)
  10 bats
  3 giant newts
  10 rats
62 creatures vanquished.

Vanquished Creatures (others)
  An orc (D:3)
  A bat (D:3)
2 creatures vanquished.

Grand Total: 64 creatures vanquished

Notes
Turn   | Place    | Note
-------+----------+-------------------------------------------
     0 | D:1      | rlgrobin the Naga Gladiator began the quest for the Orb.
     0 | D:1      | Reached XP level 1. HP: 19/19 MP: 1/1
   292 | D:1      | Reached XP level 2. HP: 3/26 MP: 2/2
   895 | D:1      | Reached skill level 4 in Staves
   924 | D:1      | Reached XP level 3. HP: 31/32 MP: 3/3
  1002 | D:1      | Reached skill level 1 in Stealth
  1429 | D:2      | Gained mutation: Your spells are a little harder to cast, but a little more powerful. [potion of mutation]
  1429 | D:2      | Gained mutation: You are somewhat resistant to further mutation. [potion of mutation]
  1429 | D:2      | Gained mutation: You are robust. (+10% HP) [potion of mutation]
  1642 | D:2      | Reached XP level 4. HP: 35/42 MP: 4/4
  2529 | D:3      | Killed from afar by a kobold

Vault maps used:
D:1:      dpeg_arrival_long_road, minmay_misc_feat_room
D:2:      minmay_misc_feat_more_columns

Skill      XL: |  1  2  3 |
---------------+----------+-----
Staves         | 4 |  4.5
Stealth        | 3 |  3.4
Fighting       | |  2.6
Throwing       | |  1.7
Dodging        | |  2.4

Action                   |  1- 3 |  4- 6 || total
-------------------------+-------+-------++-------
Melee: Quarterstaff      |    96 |    73 ||   169
Throw: Throwing net      |     1 |       ||     1
 Abil: Spit Poison       |     9 |     5 ||    14
  Use: Scroll            |     3 |     2 ||     5
       Potion            |     1 |       ||     1
 Stab: Sleeping          |     3 |     1 ||     4
  Eat: Bread ration      |     1 |       ||     1
Armor: Leather armour    |    42 |    37 ||    79
Dodge: Dodged            |    76 |    74 ||   150
